 Dungeon Crawl Stone Soup version 0.29-a0-90-gc37658a0fe (webtiles) character file.

Game seed: 6568400154822954173

688 Mimshu the Stinger (level 7, -1/43 HPs)
             Began as an Octopode Venom Mage on Feb 6, 2022.
             Slain by a water moccasin zombie (2 damage)
             ... on level 5 of the Dungeon.
             The game lasted 00:20:51 (5515 turns).

Mimshu the Stinger (Octopode Venom Mage)            Turns: 5515, Time: 00:20:51

Health: -1/43      AC:  1    Str:  8    XL:     7   Next: 63%
Magic:  8/13       EV: 13    Int: 19    God:
Gold:   143        SH:  0    Dex: 12    Spells: 11/14 levels left

rFire   + . .      SeeInvis .   l - +1 whip of Mourning {drain, Will+++}
rCold   + . .      Faith    .   (no shield)
rNeg    . . .      Spirit   .   (helmet restricted)
rPois   .          Reflect  .   (no amulet)
rElec   .          Harm     .   b - ring of protection from cold
rCorr   .          Rampage  .   e - ring of protection from fire
Will    +++..                   (no ring)
Stlth   +++.......              (no ring)
HPRegen 0.14/turn               (no ring)
MPRegen 0.13/turn               (no ring)
                                (no ring)
                                (no ring)

@: no status effects
A: almost no armour, amphibious, 8 rings, camouflage 1, gelatinous body 1,
(nimble swimmer 1), tentacles
a: no special abilities


You were on level 5 of the Dungeon.
You visited 2 branches of the dungeon, and saw 6 of its levels.

You collected 143 gold pieces.

Inventory:

Hand Weapons
 g - a +0 whip of venom
 l - the +1 whip of Mourning (weapon) {drain, Will+++}
   (You took it off a goblin on level 3 of the Dungeon)

   A truly terrible weapon, it drains the life of any living foe it strikes.
   Will:      It greatly increases your willpower.
Missiles
 a - 9 poisoned darts
 c - 102 stones
Jewellery
 b - a ring of protection from cold (left tentacle)
 e - a ring of protection from fire (right tentacle)
Scrolls
 h - 2 scrolls of noise {unknown}
 i - a scroll of torment {unknown}
 j - 6 scrolls of identify {unknown}
 m - a scroll of immolation {unknown}
 n - a scroll of summoning {unknown}
Potions
 d - a potion of berserk rage {unknown}
 k - a potion of lignification {unknown}


   Skills:
 + Level 1.2 Fighting
 + Level 0.4 Short Blades
 + Level 2.0 Maces & Flails
 + Level 3.1 Dodging
 + Level 3.7 Stealth
 + Level 4.4 Spellcasting
 + Level 3.1 Transmutations
 + Level 0.4 Air Magic
 + Level 6.0 Poison Magic


You had 11 spell levels left.
You knew the following spells:

 Your Spells              Type           Power      Damage    Failure   Level
a - Sting                 Tmut/Pois      84%        1d7       1%          1
b - Poisonous Vapours     Pois/Air       32%        N/A       5%          2

Your spell library contained the following spells:

 Spells                   Type           Power      Damage    Failure   Level
 Olgreb's Toxic Radiance  Pois           27%        N/A       11%         4
 Mephitic Cloud           Conj/Pois/Air  12%        N/A       16%         3


Dungeon Overview and Level Annotations

Branches:
Dungeon (5/15)             Temple (1/1) D:5

Altars:
Fedhas
Uskayaw

Shops:
D:1 [   D:4 =!


Innate Abilities, Weirdness & Mutations

You cannot wear most types of armour.
You are amphibious.
You can wear up to eight rings at the same time.
Your skin changes colour to match your surroundings (Stealth+).
Your rubbery body absorbs attacks. (AC +1, EV +1)
((You are camouflaged when in or above water. (Stealth+)))
You have tentacles for arms and can constrict up to eight enemies at once.


Message History

The water moccasin zombie bites you!
* * * LOW HITPOINT WARNING * * *
The water moccasin zombie bites you but does no damage.
Casting: Sting (safe; 1% risk of failure)
Confirm with . or Enter, or press ? or * to list all spells.
Aiming: Sting (safe; 1% risk of failure)
Press: ? - help, Shift-Dir - straight line, f/p - water moccasin zombie
Aim: a water moccasin zombie (heavily damaged, 76% to hit)
The sting hits the water moccasin zombie.
The water moccasin zombie partially resists.
The water moccasin zombie is heavily damaged.
The water moccasin zombie barely misses you.
Casting: Sting (safe; 1% risk of failure)
Confirm with . or Enter, or press ? or * to list all spells.
Aiming: Sting (safe; 1% risk of failure)
Press: ? - help, Shift-Dir - straight line, f/p - water moccasin zombie
Aim: a water moccasin zombie (heavily damaged, 76% to hit)
The sting hits the water moccasin zombie.
The water moccasin zombie partially resists.
The water moccasin zombie is heavily damaged.
The water moccasin zombie completely misses you.
The water moccasin zombie closely misses you.
Casting: Sting (safe; 1% risk of failure)
Confirm with . or Enter, or press ? or * to list all spells.
Aiming: Sting (safe; 1% risk of failure)
Press: ? - help, Shift-Dir - straight line, f/p - water moccasin zombie
Aim: a water moccasin zombie (heavily damaged, 76% to hit)
The sting hits the water moccasin zombie.
The water moccasin zombie partially resists.
The water moccasin zombie is heavily damaged.
The water moccasin zombie bites you.
* * * LOW HITPOINT WARNING * * *
Casting: Sting (safe; 1% risk of failure)
Confirm with . or Enter, or press ? or * to list all spells.
Aiming: Sting (safe; 1% risk of failure)
Press: ? - help, Shift-Dir - straight line, f/p - water moccasin zombie
Aim: a water moccasin zombie (heavily damaged, 76% to hit)
The sting misses the water moccasin zombie.
The water moccasin zombie bites you.
You die...

#.# #.# #.# #.#
#.# #.# #.## #.#
#..# #.# ##.# #.#
#Z# #.# #@# #.#
#.## #.####..###
.#######.........#
>........##...##.#
.######..##...##.#
#..........#
#.....>....#
#...^......##


You could see a water moccasin zombie.

Vanquished Creatures
  A necrophage (D:5)
  2 scorpions (D:4)
  A howler monkey (D:5)
  A bullfrog skeleton (D:5)
  2 orc priests (D:4)
  A gnoll shaman (D:4)
  A hound (D:4)
  2 iguanas
  11 gnolls
  5 adders
  A shadow imp (D:3)
  A worm (D:2)
  3 dart slugs
  3 orcs (D:4)
  8 ball pythons
  7 endoplasms
  3 giant cockroaches
  8 goblins
  7 hobgoblins
  4 jackals (D:3)
  5 quokkas
  4 bats
  5 frilled lizards
  7 kobolds
  6 rats
99 creatures vanquished.

Vanquished Creatures (others)
  A withered plant (D:2)
1 creature vanquished.

Grand Total: 100 creatures vanquished

Notes
Turn   | Place    | Note
-------+----------+-------------------------------------------
     0 | D:1      | Mimshu the Octopode Venom Mage began the quest for the Orb.
     0 | D:1      | Reached XP level 1. HP: 11/11 MP: 3/3
   331 | D:1      | Reached XP level 2. HP: 17/17 MP: 3/5
   483 | D:1      | Reached skill level 4 in Poison Magic
   762 | D:1      | Found Siwn's Antique Armour Shop.
  1128 | D:2      | Reached XP level 3. HP: 21/21 MP: 4/6
  1494 | D:2      | Reached XP level 4. HP: 27/27 MP: 4/7
  1662 | D:2      | Found a faded altar of an unknown god.
  1898 | D:3      | Learned a level 2 spell: Poisonous Vapours
  2103 | D:3      | Reached XP level 5. HP: 31/31 MP: 2/9
  2592 | D:3      | Identified the +1 whip of Mourning {drain, Will+++}
  2607 | D:3      | Found a blossoming altar of Fedhas.
  2679 | D:3      | Reached skill level 1 in Maces & Flails
  3310 | D:4      | Reached skill level 5 in Poison Magic
  3315 | D:4      | Reached XP level 6. HP: 4/37 MP: 6/11
  3712 | D:4      | Found a hide-covered altar of Uskayaw.
  3986 | D:4      | Found Xomiotwi's Jewellery Shoppe.
  4240 | D:4      | Reached XP level 7. HP: 26/42 MP: 8/13
  4646 | D:4      | Reached skill level 1 in Fighting
  4829 | D:4      | Found Ufri's Distillery.
  5278 | D:5      | Entered Level 5 of the Dungeon
  5328 | D:5      | Found a staircase to the Ecumenical Temple.
  5354 | Temple   | Entered the Ecumenical Temple
  5409 | D:5      | Reached skill level 6 in Poison Magic
  5512 | D:5      | HP: 1/43 [water moccasin zombie (5)]
  5515 | D:5      | Slain by a water moccasin zombie

Illustrated notes

Levels and vault maps discovered:
D:1:      minmay_arrival_semitransparent, layout_loops_ring, serial_shops,
          nicolae_shop_behind_doors
D:2:      layout_rooms, shapermc_ecumenical_altar_flowoftime,
          minmay_split_cup_small
D:3:      layout_loops_corners, mainiacjoe_overflow_surrounded_room
D:4:      layout_layer_cave, lemuel_round_altar, serial_shops,
          kennysheep_little_box, nicolae_shop_waterfront,
          minmay_misc_feat_square
D:5:      layout_loops_ring, mainiacjoe_overflow_catch_the_wave,
          minmay_temple_entry_stoned_glass
Temple:   minmay_temple_forest_path

Skill      XL: |  1  2  3  4  5  6  7 |
---------------+----------------------+-----
Poison Magic   | 4 5 6 |  6.0
Spellcasting   | 3 4 |  4.4
Maces & Flails | 1 2 |  2.0
Transmutations | 2 3 |  3.1
Stealth        | 3 |  3.7
Fighting       | 1 |  1.2
Dodging        | 3 |  3.1
Short Blades   | |  0.4
Air Magic      | |  0.4

Action                   |  1- 3 |  4- 6 |  7- 9 || total
-------------------------+-------+-------+-------++-------
Melee: Unarmed           |     5 |       |       ||     5
       Constrict         |     9 |    13 |     6 ||    28
       Tentacles         |     4 |    10 |     5 ||    19
       Dagger            |    13 |       |       ||    13
       Whip              |     4 |    52 |    29 ||    85
       Punch             |       |     1 |     1 ||     2
 Cast: Sting             |    49 |    60 |    27 ||   136
       Poisonous Vapours |       |     8 |     3 ||    11
  Use: Scroll            |       |     2 |       ||     2
 Stab: Sleeping          |     2 |     1 |       ||     3
Armor: Skin              |     4 |     2 |     3 ||     9
Dodge: Dodged            |    17 |    45 |    20 ||    82

Table legend: (Time is in decaauts)
 A = Elapsed time spent in this place.
 B = Non-inter-level travel time spent in this place.
 C = Inter-level travel time spent in this place.
 D = Time resting spent in this place.
 E = Time spent auto-exploring this place.
 F = Levels seen in this place.
 G = Mean time per level.
                   A        B        C        D        E       F      G
               +--------+--------+--------+--------+--------+-----+--------+
         Total |   5519 |   5388 |    131 |   1412 |   3000 |   6 |  919.8 |
       Dungeon |   5517 |   5386 |    131 |   1412 |   3000 |   5 | 1103.4 |
        Temple |      1 |      1 |      0 |      0 |      0 |   1 |    1.0 |
               +--------+--------+--------+--------+--------+-----+--------+

Top non-repeatable levels by time:
     D:4: 2090 daAuts
     D:3: 1309 daAuts
     D:1: 1123 daAuts
     D:2: 758 daAuts
     D:5: 235 daAuts
  Temple: 1 daAuts
